 Dungeon Crawl Stone Soup version 0.20.0-4-g10b340a (webtiles) character file.

4439 MDvedh the Grappler (level 10, -31/88 HPs)
             Began as a Troll Monk on May 27, 2017.
             Was a Believer of Yredelemnul.
             Killed from afar by Erolcha (48 damage)
             ... with a crystal spear
             ... on level 9 of the Dungeon.
             The game lasted 00:14:18 (6719 turns).

MDvedh the Grappler (Troll Monk)                    Turns: 6719, Time: 00:14:19

Health: -31/88     AC:  7    Str: 24    XL:     10   Next: 14%
Magic:  9/10       EV: 12    Int:  9    God:    Yredelemnul [**....]
Gold:   443        SH:  0    Dex: 12    Spells: 9/9 levels left

rFire    . . .     SeeInvis .     - Unarmed
rCold    + . .     Gourm    +   (no shield)
rNeg     . . .     Faith    .   r - +2 animal skin
rPois    +         Spirit   .   (helmet restricted)
rElec    .         Reflect  .   (no cloak)
rCorr    .         Harm     .   (gloves unavailable)
MR       +....     NoTele   +   (boots unavailable)
Stlth    ++........             (no amulet)
Regen    0.7/turn               q - ring of protection from magic
MPRegen  0.2/turn               I - ring "Qumadail" {-Tele rPois rC+ Int+3}

@: no status effects
A: unfitting armour, claws 3, fast metabolism 3, frail 1, gourmand, regeneration
1, shaggy fur 1, tough skin 2
a: Animate Remains, Recall Undead Slaves, Injury Mirror, Renounce Religion


You were on level 9 of the Dungeon.
You worshipped Yredelemnul.
Yredelemnul was pleased with you.
You were hungry.

You visited 2 branches of the dungeon, and saw 11 of its levels.
You also visited: Sewer.

You collected 470 gold pieces.
You spent 27 gold pieces at shops.

Inventory:

Armour
 r - a +2 animal skin (worn)
Jewellery
 l - an uncursed amulet of rage
 q - a ring of protection from magic (left claw)
 A - an uncursed ring of see invisible
 C - an uncursed ring of ice
 E - an uncursed amulet of harm
 I - the ring "Qumadail" (right claw) {-Tele rPois rC+ Int+3}
   (You found it on level 8 of the Dungeon)

   [ring of protection from cold]

   It affects your intelligence (+3).
   It protects you from cold.
   It protects you from poison.
   It prevents most forms of teleportation.
Wands
 b - a wand of iceblast (7/15)
 i - a wand of random effects (32/48)
 u - a wand of scattershot (5/9)
Scrolls
 g - 4 scrolls of blinking
 k - 3 scrolls of remove curse
 v - a scroll of enchant weapon
 w - 3 scrolls of magic mapping
 y - 6 scrolls of teleportation
 F - a scroll of summoning {unknown}
 G - 2 scrolls of identify
 J - a scroll of enchant armour
 K - a scroll of silence {unknown}
 L - a scroll of fog
Potions
 a - 2 potions of brilliance
 c - 5 potions of flight
 d - a potion of magic
 e - a potion of berserk rage {unknown}
 h - 3 potions of curing
 m - 3 potions of heal wounds
 o - a potion of agility {unknown}
 p - 2 potions of ambrosia
 s - 2 potions of mutation {unknown}
 t - 3 potions of degeneration {unknown}
 x - 3 potions of lignification {unknown}
 z - a potion of invisibility
 D - a potion of haste {unknown}
Books
 B - a book of Cantrips

   Spells                             Type                      Level
   a - Confusing Touch                Hexes                        1
   b - Animate Skeleton               Necromancy                   1
   c - Summon Small Mammal            Summoning                    1
   d - Apportation                    Translocation                1
 H - a book of Maledictions

   Spells                             Type                      Level
   a - Corona                         Hexes                        1
   b - Ensorcelled Hibernation        Hexes/Ice                    2
   c - Confuse                        Hexes                        3
   d - Tukima's Dance                 Hexes                        3
   e - Dazzling Spray                 Conjuration/Hexes            3
 M - a book of Air

   Spells                             Type                      Level
   a - Shock                          Conjuration/Air              1
   b - Swiftness                      Charms/Air                   2
   c - Static Discharge               Conjuration/Air              3
   d - Airstrike                      Air                          4
   e - Lightning Bolt                 Conjuration/Air              5
Comestibles
 f - 3 meat rations
 j - 6 royal jellies
 n - 3 fruits


   Skills:
 + Level 5.8 Fighting
 + Level 5.6 Dodging
 - Level 1.0 Stealth
 * Level 11.8 Unarmed Combat
 + Level 2.5 Invocations


You had 9 spell levels left.
You didn't know any spells.

Dungeon Overview and Level Annotations

Branches:
Dungeon (10/15)            Temple (1/1) D:7
   Lair: D:8-11         Orc: D:9-12

Altars:
Ashenzari
Cheibriados
Dithmenos
Elyvilon
Gozag
Hepliaklqana
Makhleb
Nemelex Xobeh
Okawaru
Qazlal
Ru
Sif Muna
Trog
Uskayaw
Vehumet
Xom
Yredelemnul
Zin
The Shining One

Shops:
D:6 *

Annotations:
D:9 Erolcha


Innate Abilities, Weirdness & Mutations

You are too large for most types of armour.
You have claws for hands.
Your metabolism is lightning-fast.
You like to eat raw meat.
Your natural rate of healing is unusually fast.
You are covered in fur. (AC +1)
You have very tough skin. (AC +2)
You are frail. (-10% HP)


Message History

You scratch Erolcha.
Erolcha is almost dead.
Erolcha closely misses you.
Your jackal zombie bites Erolcha.
You scratch Erolcha but do no damage.
Erolcha is almost dead.
Erolcha hits you with a giant club!
* * * LOW HITPOINT WARNING * * *
Your jackal zombie barely misses Erolcha.
Erolcha points at you and mumbles some strange words.
The crystal spear hits your jackal zombie.
Your jackal zombie is destroyed!
Things that are here:
a glaive; a chain mail; 3 chunks of flesh Unknown command.
Erolcha barely misses you.
Erolcha points at you and mumbles some strange words.
The crystal spear hits you!
Ouch! That really hurt!
You die...
Your body rises from the dead as a mindless zombie.

#...##<#.♣..♣♣...♣§♣
#...####...♣.♣.♣♣§♣P
####.........♣♣...PP♣P♣
#.........#.♣♣♣♣...♣...
#.........#.♣...♣......
##.........#.♣P.♣.P♣.♣..
#..........#...P.♣♣.♣P..
#.......)..##......♣♣♣.♣
#......@..###..#..#.♣.♣♣
##.....O[.# ##.##.♣♣.♣♣♣
#........####..#....♣♣.
###....##..............
#....##.........###..
#....##..............
.....................
......................
.......................


You could see Erolcha.

Vanquished Creatures
  A two-headed ogre (D:8)
  Joseph (D:9)
  2 hippogriffs (D:7)
  A hungry ghost (D:8)
  2 porcupines (D:9)
  2 orc warriors
  A sky beast (D:6)
  2 phantoms
  5 ogres
  A centaur (D:10)
  2 bullfrogs
  A scorpion (D:6)
  5 killer bees
  A howler monkey (D:9)
  6 crimson imps
  A bullfrog zombie (D:5)
  5 hounds
  7 orc wizards
  A bullfrog skeleton (D:8)
  2 jellies
  4 orc priests
  3 centaur skeletons
  Jessica (D:2)
  5 worker ants
  Terence (D:2)
  A hound zombie (D:8)
  A hound skeleton (D:7)
  3 worker ant zombies
  Robin (D:3)
  8 gnolls
  6 adders
  2 shadow imps
  3 oozes
  2 adder skeletons
  2 adder zombies
  A worm (Sewer)
  4 dart slugs
  3 leopard geckos
  16 orcs
  11 bats
  6 giant cockroaches
  11 hobgoblins
  10 jackals
  7 quokkas
  3 ball pythons
  4 frilled lizards
  10 goblins
  A jackal skeleton (D:7)
  5 kobolds
  2 leopard gecko skeletons
  A quokka skeleton (D:6)
  10 rats
197 creatures vanquished.

Vanquished Creatures (others)
  A jackal zombie (D:9)
  A plant (D:9)
2 creatures vanquished.

Grand Total: 199 creatures vanquished

Notes
Turn   | Place    | Note
-------+----------+-------------------------------------------
     0 | D:1      | MDvedh the Troll Monk began the quest for the Orb.
     0 | D:1      | Reached XP level 1. HP: 22/22 MP: 0/0
   248 | D:1      | Reached XP level 2. HP: 29/29 MP: 1/1
   429 | D:1      | Reached skill level 4 in Unarmed Combat
   450 | D:1      | Reached XP level 3. HP: 30/36 MP: 2/2
   800 | D:2      | Noticed Terence
   819 | D:2      | Killed Terence
   819 | D:2      | Reached XP level 4. HP: 35/44 MP: 3/3
   864 | D:2      | Reached skill level 5 in Unarmed Combat
  1054 | D:2      | Noticed Jessica
  1066 | D:2      | Killed Jessica
  1126 | D:2      | Reached XP level 5. HP: 50/50 MP: 4/4
  1516 | D:3      | Found a sparkling altar of Nemelex Xobeh.
  1700 | D:3      | Noticed Robin
  1710 | D:3      | Reached skill level 6 in Unarmed Combat
  1722 | D:3      | Killed Robin
  2064 | D:4      | Found a stormy altar of Qazlal.
  2065 | D:4      | Noticed a phantom
  2070 | D:4      | Noticed an ogre
  2083 | D:4      | Killed an ogre
  2083 | D:4      | Reached skill level 7 in Unarmed Combat
  2083 | D:4      | Reached XP level 6. HP: 21/59 MP: 5/5
  2189 | D:3      | Found an iron altar of Okawaru.
  2348 | D:4      | Found a white marble altar of Elyvilon.
  2383 | D:4      | Reached skill level 8 in Unarmed Combat
  2383 | D:4      | Reached XP level 7. HP: 29/66 MP: 6/6
  2651 | D:5      | Entered Level 5 of the Dungeon
  3370 | D:6      | Reached skill level 9 in Unarmed Combat
  3370 | D:6      | Reached XP level 8. HP: 63/75 MP: 7/7
  3391 | D:6      | Found a deep blue altar of Sif Muna.
  3528 | D:6      | Found a snail-covered altar of Cheibriados.
  3621 | D:6      | Found a glowing drain.
  3630 | Sewer    | Entered a sewer
  4103 | D:6      | Found Equsyz's Assorted Antiques.
  4123 | D:6      | Gained mutation: You are frail. (-10% HP) [mutagenic meat]
  4129 | D:6      | Bought a brown potion for 27 gold pieces
  4456 | D:7      | Noticed a hippogriff
  4465 | D:7      | Killed a hippogriff
  4575 | D:7      | Noticed a hippogriff
  4611 | D:7      | Killed a hippogriff
  4611 | D:7      | Reached skill level 10 in Unarmed Combat
  4721 | D:7      | Found a staircase to the Ecumenical Temple.
  4766 | Temple   | Entered the Ecumenical Temple
  4973 | D:7      | Reached XP level 9. HP: 70/76 MP: 8/8
  5265 | D:7      | Found a hide-covered altar of Uskayaw.
  5437 | D:8      | Found a basalt altar of Yredelemnul.
  5457 | D:8      | Got a shimmering brass ring
  5461 | D:8      | Identified the ring "Qumadail" {-Tele rPois rC+ Int+3} (You found it on level 8 of the Dungeon)
  5468 | D:8      | Became a worshipper of Yredelemnul the Dark
  5468 | D:8      | Reached * piety under Yredelemnul
  5468 | D:8      | Reached ** piety under Yredelemnul
  5480 | D:8      | Found a radiant altar of Vehumet.
  5535 | D:8      | Reached skill level 5 in Fighting
  5583 | D:8      | Reached skill level 5 in Dodging
  5583 | D:8      | Reached skill level 11 in Unarmed Combat
  5652 | D:8      | Noticed a two-headed ogre
  5658 | D:8      | Killed a two-headed ogre
  5658 | D:8      | Reached skill level 1 in Invocations
  5915 | D:8      | Found a bloodstained altar of Trog.
  6184 | D:8      | You fall through a shaft for 2 floors!
  6184 | D:10     | Entered Level 10 of the Dungeon
  6263 | D:9      | Noticed Joseph
  6283 | D:9      | Killed Joseph
  6283 | D:9      | Reached XP level 10. HP: 36/87 MP: 10/10
  6384 | D:9      | Found a shadowy altar of Dithmenos.
  6696 | D:9      | Noticed Erolcha
  6719 | D:9      | Killed from afar by Erolcha

Skill      XL: |  1  2  3  4  5  6  7  8  9 |
---------------+----------------------------+-----
Unarmed Combat | 4 5 7 8 9 10 11 | 11.8
Fighting       | 3 4 5 |  5.8
Dodging        | 3 4 5 |  5.6
Invocations    | 2 |  2.5
Stealth        | |  1.0

Action                   |  1- 3 |  4- 6 |  7- 9 | 10-12 || total
-------------------------+-------+-------+-------+-------++-------
Melee: Unarmed           |    58 |   163 |   323 |    29 ||   573
       Punch             |     1 |     3 |     8 |       ||    12
Invok: Animate Remains   |       |       |     1 |     1 ||     2
  Use: Scroll            |       |     9 |     9 |       ||    18
       Potion            |       |       |     1 |     1 ||     2
 Stab: Sleeping          |     1 |     4 |     4 |       ||     9
       Distracted        |       |       |       |     2 ||     2
  Eat: Chunk             |     8 |    10 |    27 |     1 ||    46
       Bread ration      |       |       |     4 |       ||     4
Armor: Robe              |    21 |    25 |       |       ||    46
       Animal skin       |       |    24 |    90 |     5 ||   119
Dodge: Dodged            |    25 |    88 |   161 |    15 ||   289
